BlueJackets vs Wild

Created - Friday, October 23, 2015 at 02:34

Goals
1 2 3 T
BlueJackets 2 1 0 3
Wild 2 0 0 2
Shots
1 2 3 T
BlueJackets 18 7 7 32
Wild 15 5 12 32

1st period

1. Wild , Brad Marchand 1 (Derek Stepan, Thomas Vanek) at 11:08
2. BlueJackets , Seth Helgeson 1 (Sam Gagner, Matt Nieto) at 13:16 (PP)
3. BlueJackets , Matt Nieto 2 (Teddy Purcell, Sam Gagner) at 15:00
4. Wild , Mason Raymond 2 (Patrik Elias, Cody McCormick) at 15:32

Penalties :
Patrick Wiercioch (Clb) for Roughing (Minor) at 3:51, Cody McCormick (Min) for Hooking (Minor) at 13:09, Jonathan Ericsson (Min) for Unsportsmanlike conduct (Minor) at 19:56

2nd period

5. BlueJackets , Magnus Paajarvi 1 (Chris Wagner, Kevin Connauton) at 3:13

Penalties :
Mark Streit (Min) for Holding (Minor) at 4:57, Brad Marchand (Min) for Holding (Minor) at 10:46, Jonathan Ericsson (Min) for Slashing (Minor) at 18:04

3rd period

No Goal

Penalties :
Tuomo Ruutu (Min) for Roughing (Minor) at 2:06, Ryan Garbutt (Clb) for Roughing (Minor) at 2:06, Max Talbot (Min) for Roughing (Double Minor) at 7:01, Brad Marchand (Min) for Hooking (Minor) at 8:59

Goalie Stats

Joni Ortio (Clb), 30 saves from 32 shots - (0.938), W, 1-4-0, 60:00 minutes
Ryan Miller (Min), 29 saves from 32 shots - (0.906), L, 3-2-1, 60:00 minutes

Players Stats for BlueJackets

Player Name              G  A  P  +/- PIM S  H  SB GA TA FO     MP     PP MP  PK MP  
------------------------------------------------------------------------------------
Brian Dumoulin           0  0  0   0  0   0  0  0  0  0  0/0    19:51   5:48   0:36 
Carl Klingberg           0  0  0   1  0   0  2  0  0  0  0/0     8:27   0:00   0:00 
Chad Ruhwedel            0  0  0   0  0   0  0  4  0  0  0/0    14:45   0:00   1:59 
Chris Thorburn           0  0  0  -1  0   0  2  2  0  1  0/0    13:27   0:00   0:00 
Chris Wagner             0  1  1   1  0   1  2  0  0  2  0/2     8:27   0:00   0:00 
Derek Dorsett            0  0  0  -1  0   2  1  0  5  3  1/2    13:27   0:00   0:00 
Drew Shore               0  0  0  -1  0   0  0  0  5  0  3/8    12:46   0:00   0:00 
Kevin Connauton          0  1  1   0  0   1  0  1  1  2  0/0    24:47   5:48   1:23 
Magnus Paajarvi          1  0  1   1  0   2  1  0  2  0  1/1     8:27   0:00   0:00 
Matt Nieto               1  1  2   1  0   6  0  1  0  1  0/2    18:59   6:52   0:40 
Patrick Wiercioch        0  0  0  -1  2   4  2  2  0  1  0/0    25:53   6:14   0:00 
Ryan Garbutt             0  0  0  -1  2   2  5  0  1  0  0/0    16:28   5:10   0:00 
Ryane Clowe              0  0  0  -1  0   2  1  0  3  0  0/0    16:19   5:10   0:00 
Sam Gagner               0  2  2   1  0   1  3  0  3  0  12/21  20:25   6:52   1:19 
Seth Helgeson            1  0  1   0  0   1  1  4  1  1  0/0    21:25   6:14   0:00 
Teddy Purcell            0  1  1   1  0   9  4  0  2  1  1/1    20:25   6:52   1:19 
Trevor van Riemsdyk      0  0  0   1  0   0  0  0  1  0  0/0    13:57   0:00   0:00 
Victor Rask              0  0  0  -1  0   1  1  0  3  0  6/11   17:40   5:10   0:40 

Players Stats for Wild

Player Name              G  A  P  +/- PIM S  H  SB GA TA FO     MP     PP MP  PK MP  
------------------------------------------------------------------------------------
Brad Marchand            1  0  1   0  4   4  0  0  1  1  0/0    17:35   1:03   2:25 
Chris Kunitz             0  0  0  -1  0   2  1  0  2  0  1/2    21:28   0:56   6:33 
Chris Phillips           0  0  0   0  0   4  2  2  0  3  0/0    21:04   0:00   7:11 
Cody Franson             0  0  0  -2  0   2  0  2  0  1  0/0    23:47   0:57   4:51 
Cody McCormick           0  1  1   1  2   0  1  1  0  2  15/21  18:01   0:56   6:53 
Dale Weise               0  0  0   0  0   0  1  0  0  0  0/0     9:50   0:00   0:00 
Derek Stepan             0  1  1   0  0   3  1  1  2  0  5/6    13:13   0:00   0:00 
Jonathan Ericsson        0  0  0   0  4   3  1  0  0  2  0/0    14:46   1:02   0:00 
Jordan Eberle            0  0  0  -1  0   1  1  0  1  0  0/0    11:22   0:00   0:00 
Luke Schenn              0  0  0   2  0   1  0  2  0  1  0/0    23:29   1:02   4:51 
Marcus Johansson         0  0  0  -1  0   3  1  0  2  0  2/14   16:48   0:56   3:21 
Marek Zidlicky           0  0  0   2  0   1  1  0  0  0  0/0    14:39   0:00   0:56 
Mark Streit              0  0  0  -2  2   2  1  1  0  3  0/0    23:51   0:57   6:15 
Mason Raymond            1  0  1   1  0   2  0  0  4  0  0/1     8:33   1:03   0:00 
Max Talbot               0  0  0   0  4   2  4  0  2  1  1/2    14:00   0:00   2:14 
Patrik Elias             0  1  1   1  0   1  0  0  4  1  0/2     9:11   1:03   0:38 
Thomas Vanek             0  1  1   0  0   1  2  1  1  0  0/0    12:11   0:00   0:00 
Tuomo Ruutu              0  0  0   0  2   0  2  0  0  0  0/0     9:59   0:00   0:00 

3 Stars

1 - Matt Nieto (Clb)
2 - Sam Gagner (Clb)
3 - Magnus Paajarvi (Clb)

Power Play

BlueJackets - 1 on 8 Attempt(s) - 12.50%
Wild - 0 on 1 Attempt(s) - 0.00%

Penalty Kill

BlueJackets - 1 on 1 Attempt(s) - 100.00% - Score 0 goal in Penalty Kill
Wild - 7 on 8 Attempt(s) - 87.50% - Score 0 goal in Penalty Kill

Team Stat

BlueJackets - Hits : 25 - Faceoff Wins : 24 - Blocked Shots : 14 - Penalty Minutes : 4
Wild - Hits : 19 - Faceoff Wins : 24 - Blocked Shots : 10 - Penalty Minutes : 18

Official

Referees : Unknown
Linesman : Unknown

Game Notes

Magnus Paajarvi is injured at 16:28 of 3rd period (Sprained Right Finger)

Finance

Level 1 -- Attendance: 4432 (73.87%) -- Ticket Income $443,200
Level 2 -- Attendance: 3757 (75.14%) -- Ticket Income $225,420
Level 3 -- Attendance: 1357 (67.85%) -- Ticket Income $47,495
Level 4 -- Attendance: 2983 (74.58%) -- Ticket Income $59,660
Luxury Box -- Attendance: 758 (75.80%) -- Ticket Income $151,600
Game was played at the Xcel Energy Center.
Total Attendance: 13287 (73.82%)
Total Ticket Income: $927,375
Other Income: $454,414
Total Income: $1,381,789

BlueJackets

5 vs 5 Forward 
   Center                   Left Wing                Right Wing               Time % Phy DF OF 
 1 Sam Gagner               Teddy Purcell            Matt Nieto               35     1   2  2  
 2 Victor Rask              Ryane Clowe              Ryan Garbutt             30     1   2  2  
 3 Drew Shore               Derek Dorsett            Chris Thorburn           22     1   2  2  
 4 Chris Wagner             Magnus Paajarvi          Carl Klingberg           13     1   2  2  

5 vs 5 Defense 
   Defense                  Defense                                           Time % Phy DF OF 
 1 Brian Dumoulin           Patrick Wiercioch                                 35     1   2  2  
 2 Kevin Connauton          Trevor van Riemsdyk                               30     1   2  2  
 3 Seth Helgeson            Chad Ruhwedel                                     22     1   2  2  
 4 Kevin Connauton          Patrick Wiercioch                                 13     1   2  2  

PowerPlay Forward 
   Center                   Left Wing                Right Wing               Time % Phy DF OF 
 1 Sam Gagner               Teddy Purcell            Matt Nieto               60     1   2  2  
 2 Victor Rask              Ryane Clowe              Ryan Garbutt             40     1   2  2  

PowerPlay Defense
   Defense                  Defense                                           Time % Phy DF OF 
 1 Seth Helgeson            Patrick Wiercioch                                 60     1   2  2  
 2 Kevin Connauton          Brian Dumoulin                                    40     1   2  2  

Penalty Kill 4 Players Forward 
   Center                   Wing                     Time % Phy DF OF 
 1 Sam Gagner               Teddy Purcell            60     1   2  2  
 2 Victor Rask              Matt Nieto               40     1   2  2  

Penalty Kill 4 Players Defense
   Defense                  Defense                  Time % Phy DF OF 
 1 Brian Dumoulin           Patrick Wiercioch        60     1   2  2  
 2 Kevin Connauton          Chad Ruhwedel            40     1   2  2  

Penalty Kill - 3 Players Forward 
   Forward                                           Time % Phy DF OF 
 1 Sam Gagner                                        60     1   2  2  
 2 Teddy Purcell                                     40     1   2  2  

Penalty Kill - 3 Players Defense
   Defense                  Defense                  Time % Phy DF OF 
 1 Seth Helgeson            Patrick Wiercioch        60     1   2  2  
 2 Kevin Connauton          Brian Dumoulin           40     1   2  2  

4 vs 4 Forward 
   Center                   Wing                     Time % Phy DF OF 
 1 Sam Gagner               Teddy Purcell            60     1   2  2  
 2 Victor Rask              Matt Nieto               40     1   2  2  

4 vs 4 Defense
   Defense                  Defense                  Time % Phy DF OF 
 1 Chad Ruhwedel            Patrick Wiercioch        60     1   2  2  
 2 Kevin Connauton          Seth Helgeson            40     1   2  2  

Last Minutes Offensive
   Center                   Left Wing                Right Wing               Defense                  Defense                  
   Sam Gagner               Teddy Purcell            Matt Nieto               Brian Dumoulin           Patrick Wiercioch        

Last Minutes Defensive
   Center                   Left Wing                Right Wing               Defense                  Defense                  
   Sam Gagner               Teddy Purcell            Matt Nieto               Brian Dumoulin           Patrick Wiercioch        

Goaltenders
Starting : Joni Ortio               
Backup : Jake Allen               

Extra Forwards
Normal : Derek Dorsett, Chris Thorburn, Magnus Paajarvi - PP : Derek Dorsett, Chris Thorburn - PK : Magnus Paajarvi
Extra Defensemen
Normal : Seth Helgeson, Chad Ruhwedel, Kevin Connauton - PP : Seth Helgeson - PK : Chad Ruhwedel, Kevin Connauton
Penalty Shots
Sam Gagner, Teddy Purcell, Victor Rask, Matt Nieto, Ryane Clowe

Wild

5 vs 5 Forward 
   Center                   Left Wing                Right Wing               Time % Phy DF OF 
 1 Marcus Johansson         Chris Kunitz             Jordan Eberle            35     1   2  2  
 2 Derek Stepan             Brad Marchand            Thomas Vanek             30     1   2  2  
 3 Cody McCormick           Patrik Elias             Mason Raymond            22     1   2  2  
 4 Max Talbot               Tuomo Ruutu              Dale Weise               13     1   2  2  

5 vs 5 Defense 
   Defense                  Defense                                           Time % Phy DF OF 
 1 Cody Franson             Mark Streit                                       35     1   2  2  
 2 Luke Schenn              Marek Zidlicky                                    30     1   2  2  
 3 Jonathan Ericsson        Chris Phillips                                    22     1   2  2  
 4 Cody Franson             Luke Schenn                                       13     1   2  2  

PowerPlay Forward 
   Center                   Left Wing                Right Wing               Time % Phy DF OF 
 1 Marcus Johansson         Chris Kunitz             Cody McCormick           60     1   2  2  
 2 Patrik Elias             Brad Marchand            Mason Raymond            40     1   2  2  

PowerPlay Defense
   Defense                  Defense                                           Time % Phy DF OF 
 1 Cody Franson             Mark Streit                                       60     1   2  2  
 2 Luke Schenn              Jonathan Ericsson                                 40     1   2  2  

Penalty Kill 4 Players Forward 
   Center                   Wing                     Time % Phy DF OF 
 1 Cody McCormick           Chris Kunitz             60     1   2  2  
 2 Max Talbot               Brad Marchand            40     1   2  2  

Penalty Kill 4 Players Defense
   Defense                  Defense                  Time % Phy DF OF 
 1 Chris Phillips           Mark Streit              60     1   2  2  
 2 Luke Schenn              Cody Franson             40     1   2  2  

Penalty Kill - 3 Players Forward 
   Forward                                           Time % Phy DF OF 
 1 Cody McCormick                                    60     1   2  2  
 2 Chris Kunitz                                      40     1   2  2  

Penalty Kill - 3 Players Defense
   Defense                  Defense                  Time % Phy DF OF 
 1 Chris Phillips           Mark Streit              60     1   2  2  
 2 Luke Schenn              Cody Franson             40     1   2  2  

4 vs 4 Forward 
   Center                   Wing                     Time % Phy DF OF 
 1 Cody McCormick           Chris Kunitz             60     1   2  2  
 2 Marcus Johansson         Brad Marchand            40     1   2  2  

4 vs 4 Defense
   Defense                  Defense                  Time % Phy DF OF 
 1 Cody Franson             Mark Streit              60     1   2  2  
 2 Luke Schenn              Jonathan Ericsson        40     1   2  2  

Last Minutes Offensive
   Center                   Left Wing                Right Wing               Defense                  Defense                  
   Marcus Johansson         Chris Kunitz             Jordan Eberle            Cody Franson             Mark Streit              

Last Minutes Defensive
   Center                   Left Wing                Right Wing               Defense                  Defense                  
   Cody McCormick           Patrik Elias             Max Talbot               Chris Phillips           Luke Schenn              

Goaltenders
Starting : Ryan Miller              
Backup : Niklas Backstrom         

Extra Forwards
Normal : Derek Stepan, Max Talbot, Chris Kunitz - PP : Jordan Eberle, Max Talbot - PK : Marcus Johansson
Extra Defensemen
Normal : Cody Franson, Jonathan Ericsson, Luke Schenn - PP : Jonathan Ericsson - PK : Marek Zidlicky, Luke Schenn
Penalty Shots
Jordan Eberle, Chris Kunitz, Max Talbot, Brad Marchand, Cody McCormick

% Time on Ice - BlueJackets

Lines # - Real PCT - Wanted PCT - Time Play
Normal Forward
1 - 24% - 35% - 10:27
2 - 27% - 30% - 11:50
3 - 29% - 22% - 12:46
4 - 19% - 13% - 8:28
Normal Defense
1 - 36% - 35% - 15:34
2 - 31% - 30% - 13:37
3 - 26% - 22% - 11:31
4 - 6% - 13% - 2:49
PP Forward
1 - 57% - 60% - 6:52
2 - 43% - 40% - 5:10
PP Defense
1 - 52% - 60% - 6:14
2 - 48% - 40% - 5:48
PK Forward
1 - 66% - 60% - 1:19
2 - 34% - 40% - 0:40
PK Defense
1 - 30% - 60% - 0:36
2 - 70% - 40% - 1:23
PK3 Forward
1 - 0% - 60%
2 - 0% - 40%
PK3 Defense
1 - 0% - 60%
2 - 0% - 40%
44 Forward
1 - 100% - 60% - 1:59
2 - 0% - 40% - 0:00
44 Defense
1 - 59% - 60% - 1:10
2 - 41% - 40% - 0:49
Last Minute Offensive  - 0:00
Last Minute Defensive  - 0:29
Total
Forward - 60:00
Defense - 60:00

% Time on Ice - Wild

Lines # - Real PCT - Wanted PCT - Time Play
Normal Forward
1 - 29% - 35% - 12:27
2 - 32% - 30% - 13:50
3 - 17% - 22% - 7:30
4 - 23% - 13% - 9:50
Normal Defense
1 - 35% - 35% - 15:20
2 - 31% - 30% - 13:44
3 - 26% - 22% - 11:28
4 - 7% - 13% - 3:05
PP Forward
1 - 47% - 60% - 0:56
2 - 53% - 40% - 1:03
PP Defense
1 - 48% - 60% - 0:57
2 - 52% - 40% - 1:02
PK Forward
1 - 77% - 60% - 7:44
2 - 23% - 40% - 2:19
PK Defense
1 - 62% - 60% - 6:12
2 - 38% - 40% - 3:51
PK3 Forward
1 - 100% - 60% - 1:59
2 - 0% - 40% - 0:00
PK3 Defense
1 - 50% - 60% - 0:59
2 - 50% - 40% - 1:00
44 Forward
1 - 100% - 60% - 1:59
2 - 0% - 40% - 0:00
44 Defense
1 - 61% - 60% - 1:12
2 - 39% - 40% - 0:47
Last Minute Offensive  - 0:23
Last Minute Defensive  - 0:00
Total
Forward - 60:00
Defense - 60:00

Play by Play

1st period


0:01 of 1st period - Sam Gagner wins face-off versus Marcus Johansson in neutral zone.
0:06 of 1st period - Snap shot by Teddy Purcell.
0:06 of 1st period - Stopped by Ryan Miller with a rebound.
1:09 of 1st period - Ryane Clowe is hit by Derek Stepan and loses puck.
1:46 of 1st period - Snap shot by Derek Dorsett.
1:46 of 1st period - Stopped by Ryan Miller with a rebound.
1:48 of 1st period - Slapshot by Derek Dorsett.
1:48 of 1st period - Shot Blocked by Derek Stepan.
1:50 of 1st period - Wrist shot by Chris Thorburn.
1:50 of 1st period - Deflect By Drew Shore.
1:50 of 1st period - Shot Blocked by Luke Schenn.
1:50 of 1st period - Puck is out of play.
1:51 of 1st period - Cody McCormick wins face-off versus Drew Shore in Wild zone.
2:19 of 1st period - Trevor van Riemsdyk is hit by Cody McCormick and loses puck.
2:46 of 1st period - Magnus Paajarvi is hit by Dale Weise and loses puck.
2:51 of 1st period - Slapshot by Marek Zidlicky.
2:51 of 1st period - Shot Blocked by Patrick Wiercioch.
2:53 of 1st period - Slapshot by Max Talbot.
2:53 of 1st period - Shot Misses the Net.
2:55 of 1st period - Snap shot by Max Talbot.
2:55 of 1st period - Stopped by Joni Ortio with a rebound.
3:28 of 1st period - Wrist shot by Chris Kunitz.
3:28 of 1st period - Stopped by Joni Ortio with a rebound.
3:51 of 1st period - Minor Penalty to Patrick Wiercioch for Roughing.
3:52 of 1st period - Sam Gagner wins face-off versus Patrik Elias in BlueJackets zone.
4:44 of 1st period - Sam Gagner is hit by Marcus Johansson and loses puck.
4:49 of 1st period - Wrist shot by Marcus Johansson.
4:49 of 1st period - Stopped by Joni Ortio with a rebound.
4:51 of 1st period - Slapshot by Jonathan Ericsson.
4:51 of 1st period - Stopped by Joni Ortio with a rebound.
4:53 of 1st period - Slapshot by Marcus Johansson.
4:53 of 1st period - Shot Misses the Net.
4:55 of 1st period - Wrist shot by Jonathan Ericsson.
4:55 of 1st period - Shot Misses the Net.
4:57 of 1st period - Slapshot by Luke Schenn.
4:57 of 1st period - Shot Blocked by Chad Ruhwedel.
4:59 of 1st period - Slapshot by Jonathan Ericsson.
4:59 of 1st period - Shot Blocked by Chad Ruhwedel.
5:14 of 1st period - Icing by Jonathan Ericsson.
5:15 of 1st period - Victor Rask wins face-off versus Patrik Elias in Wild zone.
5:40 of 1st period - Slapshot by Marcus Johansson.
5:40 of 1st period - Shot Misses the Net.
5:42 of 1st period - Snap shot by Jonathan Ericsson.
5:42 of 1st period - Shot Misses the Net.
5:51 of 1st period - Penalty to Patrick Wiercioch is over, Patrick Wiercioch is back on ice.
6:08 of 1st period - Slapshot by Mark Streit.
6:08 of 1st period - Stopped by Joni Ortio with a rebound.
6:10 of 1st period - Wrist shot by Tuomo Ruutu.
6:10 of 1st period - Shot Misses the Net.
6:12 of 1st period - Slapshot by Cody Franson.
6:12 of 1st period - Stopped by Joni Ortio with a rebound.
6:14 of 1st period - Snap shot by Max Talbot.
6:14 of 1st period - Shot Misses the Net.
6:16 of 1st period - Slapshot by Cody Franson.
6:16 of 1st period - Shot Blocked by Matt Nieto.
6:40 of 1st period - Snap shot by Derek Stepan.
6:40 of 1st period - Shot Blocked by Chris Thorburn.
6:42 of 1st period - Snap shot by Luke Schenn.
6:42 of 1st period - Stopped by Joni Ortio with a rebound.
6:52 of 1st period - Brad Marchand is hit by Chris Thorburn.
7:51 of 1st period - Marcus Johansson is hit by Magnus Paajarvi and loses puck.
8:42 of 1st period - Wrist shot by Dale Weise.
8:42 of 1st period - Shot Blocked by Seth Helgeson.
8:44 of 1st period - Wrist shot by Chris Phillips.
8:44 of 1st period - Shot Misses the Net.
8:46 of 1st period - Wrist shot by Dale Weise.
8:46 of 1st period - Shot Misses the Net.
8:48 of 1st period - Wrist shot by Dale Weise.
8:48 of 1st period - Shot Blocked by Seth Helgeson.
8:50 of 1st period - Snap shot by Chris Phillips.
8:50 of 1st period - Stopped by Joni Ortio with a rebound.
8:52 of 1st period - Wrist shot by Max Talbot.
8:52 of 1st period - Shot Misses the Net.
8:54 of 1st period - Slapshot by Jonathan Ericsson.
8:54 of 1st period - Deflect By Dale Weise.
8:54 of 1st period - Shot Misses the Net.
8:54 of 1st period - Puck is out of play.
8:55 of 1st period - Derek Stepan wins face-off versus Drew Shore in BlueJackets zone.
9:04 of 1st period - Wrist shot by Derek Stepan.
9:04 of 1st period - Shot Misses the Net.
9:24 of 1st period - Wrist shot by Brad Marchand.
9:24 of 1st period - Stopped by Joni Ortio without a rebound.
9:25 of 1st period - Cody McCormick wins face-off versus Chris Wagner in BlueJackets zone.
9:37 of 1st period - Chris Phillips is hit by Carl Klingberg and loses puck.
9:52 of 1st period - Slapshot by Magnus Paajarvi.
9:52 of 1st period - Stopped by Ryan Miller with a rebound.
9:54 of 1st period - Slapshot by Patrick Wiercioch.
9:54 of 1st period - Stopped by Ryan Miller with a rebound.
9:56 of 1st period - Slapshot by Patrick Wiercioch.
9:56 of 1st period - Stopped by Ryan Miller without a rebound.
9:57 of 1st period - Victor Rask wins face-off versus Marcus Johansson in Wild zone.
10:00 of 1st period - Wrist shot by Ryane Clowe.
10:00 of 1st period - Stopped by Ryan Miller without a rebound.
10:01 of 1st period - Victor Rask wins face-off versus Marcus Johansson in Wild zone.
10:02 of 1st period - Wrist shot by Ryane Clowe.
10:02 of 1st period - Shot Misses the Net.
11:08 of 1st period - Wrist shot by Brad Marchand.
11:08 of 1st period - Goal by Brad Marchand - BlueJackets : 0 - Wild : 1.
11:09 of 1st period - Cody McCormick wins face-off versus Sam Gagner in neutral zone.
11:42 of 1st period - Slapshot by Matt Nieto.
11:42 of 1st period - Deflect By Teddy Purcell.
11:42 of 1st period - Shot Blocked by Luke Schenn.
11:42 of 1st period - Puck is out of play.
11:43 of 1st period - Drew Shore wins face-off versus Marcus Johansson in Wild zone.
11:55 of 1st period - Derek Dorsett is hit by Chris Phillips and loses puck.
12:18 of 1st period - Drew Shore is hit by Jonathan Ericsson and loses puck.
12:33 of 1st period - Wrist shot by Derek Stepan.
12:33 of 1st period - Shot Blocked by Patrick Wiercioch.
12:35 of 1st period - Slapshot by Luke Schenn.
12:35 of 1st period - Shot Misses the Net.
13:03 of 1st period - Wrist shot by Matt Nieto.
13:03 of 1st period - Shot Misses the Net.
13:05 of 1st period - Wrist shot by Sam Gagner.
13:05 of 1st period - Deflect By Teddy Purcell.
13:05 of 1st period - Stopped by Ryan Miller without a rebound.
13:06 of 1st period - Victor Rask wins face-off versus Cody McCormick in Wild zone.
13:07 of 1st period - Snap shot by Ryane Clowe.
13:07 of 1st period - Shot Misses the Net.
13:09 of 1st period - Minor Penalty to Cody McCormick for Hooking.
13:10 of 1st period - Sam Gagner wins face-off versus Marcus Johansson in Wild zone.
13:16 of 1st period - Wrist shot by Seth Helgeson.
13:16 of 1st period - Goal by Seth Helgeson - BlueJackets : 1 - Wild : 1.
13:17 of 1st period - Sam Gagner wins face-off versus Marcus Johansson in neutral zone.
13:28 of 1st period - Slapshot by Sam Gagner.
13:28 of 1st period - Stopped by Ryan Miller with a rebound.
13:30 of 1st period - Slapshot by Matt Nieto.
13:30 of 1st period - Stopped by Ryan Miller without a rebound.
13:31 of 1st period - Sam Gagner wins face-off versus Marcus Johansson in Wild zone.
13:38 of 1st period - Slapshot by Teddy Purcell.
13:38 of 1st period - Stopped by Ryan Miller with a rebound.
13:44 of 1st period - Slapshot by Teddy Purcell.
13:44 of 1st period - Stopped by Ryan Miller with a rebound.
13:46 of 1st period - Wrist shot by Matt Nieto.
13:46 of 1st period - Deflect By Sam Gagner.
13:46 of 1st period - Shot Misses the Net.
13:46 of 1st period - Puck is out of play.
13:47 of 1st period - Derek Stepan wins face-off versus Victor Rask in Wild zone.
13:56 of 1st period - Wrist shot by Victor Rask.
13:56 of 1st period - Deflect By Ryan Garbutt.
13:56 of 1st period - Stopped by Ryan Miller with a rebound.
13:58 of 1st period - Slapshot by Seth Helgeson.
13:58 of 1st period - Shot Blocked by Cody Franson.
14:58 of 1st period - Wrist shot by Teddy Purcell.
14:58 of 1st period - Stopped by Ryan Miller with a rebound.
15:00 of 1st period - Snap shot by Matt Nieto.
15:00 of 1st period - Goal by Matt Nieto - BlueJackets : 2 - Wild : 1.
15:01 of 1st period - Drew Shore wins face-off versus Cody McCormick in neutral zone.
15:10 of 1st period - Snap shot by Derek Dorsett.
15:10 of 1st period - Stopped by Ryan Miller without a rebound.
15:11 of 1st period - Drew Shore wins face-off versus Mason Raymond in Wild zone.
15:12 of 1st period - Slapshot by Kevin Connauton.
15:12 of 1st period - Deflect By Derek Dorsett.
15:12 of 1st period - Shot Misses the Net.
15:12 of 1st period - Puck is out of play.
15:13 of 1st period - Cody McCormick wins face-off versus Drew Shore in Wild zone.
15:32 of 1st period - Snap shot by Mason Raymond.
15:32 of 1st period - Goal by Mason Raymond - BlueJackets : 2 - Wild : 2.
15:33 of 1st period - Sam Gagner wins face-off versus Marcus Johansson in neutral zone.
15:39 of 1st period - Off-side.
15:40 of 1st period - Sam Gagner wins face-off versus Marcus Johansson in neutral zone.
15:53 of 1st period - Slapshot by Sam Gagner.
15:53 of 1st period - Shot Misses the Net.
16:03 of 1st period - Snap shot by Teddy Purcell.
16:03 of 1st period - Shot Misses the Net.
16:05 of 1st period - Backhand shot by Matt Nieto.
16:05 of 1st period - Stopped by Ryan Miller with a rebound.
16:07 of 1st period - Wrist shot by Sam Gagner.
16:07 of 1st period - Shot Misses the Net.
16:31 of 1st period - Jordan Eberle is hit by Victor Rask and loses puck.
17:19 of 1st period - Snap shot by Brad Marchand.
17:19 of 1st period - Stopped by Joni Ortio with a rebound.
17:21 of 1st period - Wrist shot by Brad Marchand.
17:21 of 1st period - Stopped by Joni Ortio with a rebound.
17:23 of 1st period - Snap shot by Derek Stepan.
17:23 of 1st period - Stopped by Joni Ortio with a rebound.
17:25 of 1st period - Slapshot by Chris Phillips.
17:25 of 1st period - Stopped by Joni Ortio with a rebound.
19:06 of 1st period - Backhand shot by Matt Nieto.
19:06 of 1st period - Stopped by Ryan Miller with a rebound.
19:56 of 1st period - Minor Penalty to Jonathan Ericsson for Unsportsmanlike conduct.
19:57 of 1st period - Cody McCormick wins face-off versus Matt Nieto in Wild zone.
Goals for this period are 2 for BlueJackets vs 2 for Wild.
Shots for this period are 18 for BlueJackets vs 15 for Wild.

2nd period


0:01 of 2nd period - Cody McCormick wins face-off versus Sam Gagner in neutral zone.
0:10 of 2nd period - Off-side.
0:11 of 2nd period - Cody McCormick wins face-off versus Sam Gagner in neutral zone.
0:14 of 2nd period - Slapshot by Mark Streit.
0:14 of 2nd period - Stopped by Joni Ortio without a rebound.
0:15 of 2nd period - Sam Gagner wins face-off versus Cody McCormick in BlueJackets zone.
1:06 of 2nd period - Slapshot by Ryane Clowe.
1:06 of 2nd period - Stopped by Ryan Miller with a rebound.
1:08 of 2nd period - Slapshot by Brian Dumoulin.
1:08 of 2nd period - Shot Misses the Net.
1:56 of 2nd period - Penalty to Jonathan Ericsson is over, Jonathan Ericsson is back on ice.
2:45 of 2nd period - Luke Schenn is hit by Chris Wagner and loses puck.
2:50 of 2nd period - Wrist shot by Kevin Connauton.
2:50 of 2nd period - Stopped by Ryan Miller without a rebound.
2:51 of 2nd period - Derek Stepan wins face-off versus Chris Wagner in Wild zone.
2:56 of 2nd period - Carl Klingberg is hit by Thomas Vanek and loses puck.
3:11 of 2nd period - Wrist shot by Kevin Connauton.
3:11 of 2nd period - Deflect By Chris Wagner.
3:11 of 2nd period - Stopped by Ryan Miller with a rebound.
3:13 of 2nd period - Wrist shot by Magnus Paajarvi.
3:13 of 2nd period - Goal by Magnus Paajarvi - BlueJackets : 3 - Wild : 2.
3:14 of 2nd period - Marcus Johansson wins face-off versus Sam Gagner in neutral zone.
3:29 of 2nd period - Wrist shot by Teddy Purcell.
3:29 of 2nd period - Stopped by Ryan Miller with a rebound.
3:31 of 2nd period - Snap shot by Matt Nieto.
3:31 of 2nd period - Shot Misses the Net.
4:14 of 2nd period - Snap shot by Max Talbot.
4:14 of 2nd period - Stopped by Joni Ortio without a rebound.
4:15 of 2nd period - Cody McCormick wins face-off versus Derek Dorsett in BlueJackets zone.
4:57 of 2nd period - Minor Penalty to Mark Streit for Holding.
4:58 of 2nd period - Chris Kunitz wins face-off versus Sam Gagner in Wild zone.
5:13 of 2nd period - Cody McCormick is hit by Sam Gagner and loses puck.
6:35 of 2nd period - Brad Marchand is hit by Sam Gagner and loses puck.
6:57 of 2nd period - Penalty to Mark Streit is over, Mark Streit is back on ice.
7:22 of 2nd period - Drew Shore is hit by Max Talbot and loses puck.
8:02 of 2nd period - Wrist shot by Derek Stepan.
8:02 of 2nd period - Shot Blocked by Kevin Connauton.
8:16 of 2nd period - Derek Stepan is hit by Chris Wagner and loses puck.
8:47 of 2nd period - Snap shot by Mason Raymond.
8:47 of 2nd period - Stopped by Joni Ortio with a rebound.
9:05 of 2nd period - Snap shot by Marcus Johansson.
9:05 of 2nd period - Stopped by Joni Ortio with a rebound.
9:27 of 2nd period - Ryane Clowe is hit by Max Talbot and loses puck.
9:39 of 2nd period - Snap shot by Seth Helgeson.
9:39 of 2nd period - Shot Misses the Net.
9:41 of 2nd period - Snap shot by Seth Helgeson.
9:41 of 2nd period - Shot Misses the Net.
10:46 of 2nd period - Minor Penalty to Brad Marchand for Holding.
10:47 of 2nd period - Teddy Purcell wins face-off versus Cody McCormick in Wild zone.
11:12 of 2nd period - Chris Kunitz is hit by Seth Helgeson and loses puck.
11:29 of 2nd period - Wrist shot by Victor Rask.
11:29 of 2nd period - Shot Misses the Net.
11:31 of 2nd period - Slapshot by Kevin Connauton.
11:31 of 2nd period - Shot Misses the Net.
11:33 of 2nd period - Wrist shot by Ryan Garbutt.
11:33 of 2nd period - Stopped by Ryan Miller without a rebound.
11:34 of 2nd period - Cody McCormick wins face-off versus Victor Rask in Wild zone.
11:43 of 2nd period - Luke Schenn is hit by Ryan Garbutt and loses puck.
12:06 of 2nd period - Cody Franson is hit by Sam Gagner.
12:46 of 2nd period - Penalty to Brad Marchand is over, Brad Marchand is back on ice.
13:11 of 2nd period - Drew Shore is hit by Max Talbot and loses puck.
13:21 of 2nd period - Wrist shot by Derek Dorsett.
13:21 of 2nd period - Shot Blocked by Chris Phillips.
14:02 of 2nd period - Luke Schenn is hit by Carl Klingberg and loses puck.
15:36 of 2nd period - Marek Zidlicky is hit by Patrick Wiercioch and loses puck.
15:46 of 2nd period - Cody Franson is hit by Teddy Purcell and loses puck.
17:24 of 2nd period - Jonathan Ericsson is hit by Chris Thorburn and loses puck.
17:35 of 2nd period - Backhand shot by Jordan Eberle.
17:35 of 2nd period - Stopped by Joni Ortio with a rebound.
17:55 of 2nd period - Tuomo Ruutu is hit by Ryan Garbutt and loses puck.
18:00 of 2nd period - Slapshot by Victor Rask.
18:00 of 2nd period - Deflect By Ryane Clowe.
18:00 of 2nd period - Shot Misses the Net.
18:00 of 2nd period - Puck is out of play.
18:01 of 2nd period - Max Talbot wins face-off versus Victor Rask in Wild zone.
18:01 of 2nd period - Max Talbot is hit by Ryane Clowe.
18:04 of 2nd period - Minor Penalty to Jonathan Ericsson for Slashing.
18:05 of 2nd period - Sam Gagner wins face-off versus Chris Kunitz in Wild zone.
18:33 of 2nd period - Wrist shot by Teddy Purcell.
18:33 of 2nd period - Stopped by Ryan Miller without a rebound.
18:34 of 2nd period - Victor Rask wins face-off versus Cody McCormick in Wild zone.
19:37 of 2nd period - Matt Nieto is hit by Max Talbot and loses puck.
19:54 of 2nd period - Teddy Purcell is hit by Chris Phillips and loses puck.
Goals for this period are 1 for BlueJackets vs 0 for Wild.
Shots for this period are 7 for BlueJackets vs 5 for Wild.

3rd period


0:01 of 3rd period - Cody McCormick wins face-off versus Sam Gagner in neutral zone.
0:04 of 3rd period - Penalty to Jonathan Ericsson is over, Jonathan Ericsson is back on ice.
0:18 of 3rd period - Icing by Cody McCormick.
0:19 of 3rd period - Cody McCormick wins face-off versus Sam Gagner in Wild zone.
1:05 of 3rd period - Derek Stepan is hit by Ryan Garbutt and loses puck.
1:32 of 3rd period - Ryan Garbutt is hit by Marek Zidlicky and loses puck.
1:55 of 3rd period - Wrist shot by Dale Weise.
1:55 of 3rd period - Shot Blocked by Seth Helgeson.
2:06 of 3rd period - Minor Penalty to Tuomo Ruutu for Roughing.
2:06 of 3rd period - Minor Penalty to Ryan Garbutt for Roughing.
2:07 of 3rd period - Cody McCormick wins face-off versus Sam Gagner in neutral zone.
2:26 of 3rd period - Snap shot by Teddy Purcell.
2:26 of 3rd period - Stopped by Ryan Miller without a rebound.
2:27 of 3rd period - Cody McCormick wins face-off versus Sam Gagner in Wild zone.
2:32 of 3rd period - Wrist shot by Sam Gagner.
2:32 of 3rd period - Shot Blocked by Cody McCormick.
2:42 of 3rd period - Slapshot by Mark Streit.
2:42 of 3rd period - Deflect By Chris Kunitz.
2:42 of 3rd period - Stopped by Joni Ortio with a rebound.
4:06 of 3rd period - Penalty to Tuomo Ruutu is over, Tuomo Ruutu is back on ice.
4:06 of 3rd period - Penalty to Ryan Garbutt is over, Ryan Garbutt is back on ice.
4:09 of 3rd period - Snap shot by Derek Stepan.
4:09 of 3rd period - Shot Misses the Net.
4:13 of 3rd period - Snap shot by Derek Stepan.
4:13 of 3rd period - Shot Blocked by Chris Thorburn.
4:15 of 3rd period - Slapshot by Marek Zidlicky.
4:15 of 3rd period - Stopped by Joni Ortio without a rebound.
4:16 of 3rd period - Derek Stepan wins face-off versus Victor Rask in BlueJackets zone.
4:31 of 3rd period - Wrist shot by Victor Rask.
4:31 of 3rd period - Shot Blocked by Thomas Vanek.
5:15 of 3rd period - Chris Wagner is hit by Tuomo Ruutu and loses puck.
5:22 of 3rd period - Slapshot by Cody Franson.
5:22 of 3rd period - Stopped by Joni Ortio without a rebound.
5:23 of 3rd period - Derek Dorsett wins face-off versus Marcus Johansson in BlueJackets zone.
5:39 of 3rd period - Icing by Chris Thorburn.
5:40 of 3rd period - Marcus Johansson wins face-off versus Drew Shore in BlueJackets zone.
6:18 of 3rd period - Cody Franson is hit by Ryan Garbutt and loses puck.
6:25 of 3rd period - Snap shot by Victor Rask.
6:25 of 3rd period - Stopped by Ryan Miller with a rebound.
6:29 of 3rd period - Wrist shot by Victor Rask.
6:29 of 3rd period - Deflect By Ryane Clowe.
6:29 of 3rd period - Shot Misses the Net.
6:29 of 3rd period - Puck is out of play.
6:30 of 3rd period - Victor Rask wins face-off versus Max Talbot in Wild zone.
7:01 of 3rd period - Double Minor Penalty to Max Talbot for Roughing.
7:02 of 3rd period - Sam Gagner wins face-off versus Cody McCormick in Wild zone.
7:13 of 3rd period - Mark Streit is hit by Teddy Purcell and loses puck.
7:20 of 3rd period - Snap shot by Matt Nieto.
7:20 of 3rd period - Stopped by Ryan Miller with a rebound.
7:22 of 3rd period - Wrist shot by Kevin Connauton.
7:22 of 3rd period - Shot Blocked by Chris Phillips.
7:38 of 3rd period - Snap shot by Teddy Purcell.
7:38 of 3rd period - Shot Misses the Net.
8:59 of 3rd period - Minor Penalty to Brad Marchand for Hooking.
9:00 of 3rd period - Cody McCormick wins face-off versus Matt Nieto in Wild zone.
9:43 of 3rd period - Snap shot by Matt Nieto.
9:43 of 3rd period - Stopped by Ryan Miller with a rebound.
9:57 of 3rd period - Cody McCormick is hit by Ryan Garbutt and loses puck.
10:37 of 3rd period - Patrik Elias is hit by Patrick Wiercioch and loses puck.
10:59 of 3rd period - Penalty to Brad Marchand is over, Brad Marchand is back on ice.
11:01 of 3rd period - Penalty to Max Talbot is over, Max Talbot is back on ice.
11:09 of 3rd period - Brad Marchand is hit by Teddy Purcell and loses puck.
11:48 of 3rd period - Slapshot by Derek Stepan.
11:48 of 3rd period - Stopped by Joni Ortio with a rebound.
11:50 of 3rd period - Slapshot by Luke Schenn.
11:50 of 3rd period - Shot Misses the Net.
12:11 of 3rd period - Chris Thorburn is hit by Tuomo Ruutu and loses puck.
12:26 of 3rd period - Cody Franson is hit by Derek Dorsett and loses puck.
12:54 of 3rd period - Slapshot by Patrick Wiercioch.
12:54 of 3rd period - Stopped by Ryan Miller with a rebound.
13:28 of 3rd period - Snap shot by Marcus Johansson.
13:28 of 3rd period - Stopped by Joni Ortio with a rebound.
13:30 of 3rd period - Slapshot by Jonathan Ericsson.
13:30 of 3rd period - Deflect By Jordan Eberle.
13:30 of 3rd period - Shot Misses the Net.
13:30 of 3rd period - Puck is out of play.
13:31 of 3rd period - Derek Stepan wins face-off versus Victor Rask in BlueJackets zone.
14:43 of 3rd period - Matt Nieto is hit by Chris Kunitz and loses puck.
15:04 of 3rd period - Off-side.
15:05 of 3rd period - Cody McCormick wins face-off versus Drew Shore in neutral zone.
15:20 of 3rd period - Slapshot by Patrik Elias.
15:20 of 3rd period - Stopped by Joni Ortio with a rebound.
15:38 of 3rd period - Snap shot by Patrik Elias.
15:38 of 3rd period - Shot Misses the Net.
15:58 of 3rd period - Trevor van Riemsdyk is hit by Jordan Eberle and loses puck.
16:26 of 3rd period - Icing by Magnus Paajarvi.
16:27 of 3rd period - Magnus Paajarvi wins face-off versus Derek Stepan in BlueJackets zone.
16:27 of 3rd period - Magnus Paajarvi is hit by Mark Streit.
16:28 of 3rd period - Magnus Paajarvi from BlueJackets is injured at 16:28 of 3rd period (Sprained Right Finger).
16:29 of 3rd period - Sam Gagner wins face-off versus Marcus Johansson in BlueJackets zone.
16:38 of 3rd period - Wrist shot by Teddy Purcell.
16:38 of 3rd period - Shot Blocked by Cody Franson.
16:40 of 3rd period - Snap shot by Teddy Purcell.
16:40 of 3rd period - Stopped by Ryan Miller without a rebound.
16:41 of 3rd period - Sam Gagner wins face-off versus Marcus Johansson in Wild zone.
16:52 of 3rd period - Snap shot by Matt Nieto.
16:52 of 3rd period - Shot Blocked by Mark Streit.
16:54 of 3rd period - Snap shot by Teddy Purcell.
16:54 of 3rd period - Shot Misses the Net.
17:32 of 3rd period - Snap shot by Mason Raymond.
17:32 of 3rd period - Shot Misses the Net.
18:13 of 3rd period - Ryan Garbutt is hit by Thomas Vanek and loses puck.
18:22 of 3rd period - Wrist shot by Brad Marchand.
18:22 of 3rd period - Shot Misses the Net.
18:24 of 3rd period - Slapshot by Chris Phillips.
18:24 of 3rd period - Stopped by Joni Ortio with a rebound.
18:26 of 3rd period - Wrist shot by Thomas Vanek.
18:26 of 3rd period - Stopped by Joni Ortio with a rebound.
18:28 of 3rd period - Slapshot by Jonathan Ericsson.
18:28 of 3rd period - Stopped by Joni Ortio with a rebound.
18:30 of 3rd period - Snap shot by Jonathan Ericsson.
18:30 of 3rd period - Stopped by Joni Ortio with a rebound.
18:32 of 3rd period - Wrist shot by Jonathan Ericsson.
18:32 of 3rd period - Shot Blocked by Chad Ruhwedel.
18:34 of 3rd period - Slapshot by Chris Phillips.
18:34 of 3rd period - Stopped by Joni Ortio with a rebound.
18:36 of 3rd period - Slapshot by Chris Phillips.
18:36 of 3rd period - Shot Blocked by Seth Helgeson.
18:38 of 3rd period - Snap shot by Derek Stepan.
18:38 of 3rd period - Stopped by Joni Ortio with a rebound.
18:40 of 3rd period - Slapshot by Jonathan Ericsson.
18:40 of 3rd period - Shot Blocked by Chad Ruhwedel.
19:10 of 3rd period - Slapshot by Patrick Wiercioch.
19:10 of 3rd period - Stopped by Ryan Miller with a rebound.
19:51 of 3rd period - Cody Franson is hit by Teddy Purcell and loses puck.
Goals for this period are 0 for BlueJackets vs 0 for Wild.
Shots for this period are 7 for BlueJackets vs 12 for Wild.